 Dungeon Crawl Stone Soup version 0.28.0 (webtiles) character file.

Game seed: 17713546417999994746

245 HallandMoats the Insei (level 6, -1/43 HPs)
             Began as an Octopode Monk on Feb 7, 2022.
             Was a Believer of the Shining One.
             Slain by a gnoll (7 damage)
             ... on level 2 of the Dungeon.
             The game lasted 00:01:38 (2050 turns).

HallandMoats the Insei (Octopode Monk)              Turns: 2050, Time: 00:01:38

Health: -1/43      AC:  1    Str: 13    XL:     6   Next: 10%
Magic:  5/7        EV: 14    Int: 12    God:    the Shining One [**....]
Gold:   197        SH:  0    Dex: 14    Spells: 5/5 levels left

rFire   . . .      SeeInvis .     - Unarmed
rCold   . . .      Faith    .   (no shield)
rNeg    + . .      Spirit   .   (helmet restricted)
rPois   .          Reflect  .   (no amulet)
rElec   .          Harm     .   (no ring)
rCorr   .          Rampage  .   (no ring)
Will    .....                   (no ring)
Stlth   ++........              (no ring)
HPRegen 0.14/turn               (no ring)
MPRegen 0.10/turn               (no ring)
                                (no ring)
                                (no ring)

@: glowing
A: almost no armour, amphibious, 8 rings, camouflage 1, gelatinous body 1,
(nimble swimmer 1), tentacles
a: Renounce Religion, Divine Shield


You were on level 2 of the Dungeon.
You worshipped the Shining One.
The Shining One was pleased with you.
You visited 1 branch of the dungeon, and saw 2 of its levels.

You collected 197 gold pieces.

Inventory:

Scrolls
 a - a scroll of blinking {unknown}
 b - a scroll of enchant weapon {unknown}


   Skills:
 * Level 4.2 Fighting
 * Level 4.1 Dodging
 + Level 4.1 Stealth
 * Level 4.2 Unarmed Combat
 + Level 1.7 Invocations


You had 5 spell levels left.
You didn't know any spells.
Your spell library contained the following spells:

 Spells                   Type           Power      Damage    Failure   Level
 Gell's Gravitas          Tloc           0%         N/A       69%         3
 Lesser Beckoning         Tloc           0%         N/A       69%         3
 Teleport Other           Tloc           0%         N/A       69%         3


Dungeon Overview and Level Annotations

Branches:
Dungeon (2/15)

Altars:
The Shining One


Innate Abilities, Weirdness & Mutations

You cannot wear most types of armour.
You are amphibious.
You can wear up to eight rings at the same time.
Your skin changes colour to match your surroundings (Stealth+).
Your rubbery body absorbs attacks. (AC +1, EV +1)
((You are camouflaged when in or above water. (Stealth+)))
You have tentacles for arms and can constrict up to eight enemies at once.


Message History

You have reached level 6!
You see here a hobgoblin corpse.
Found a club.
Found a stone staircase leading down.
Your divine shield fades away.
You barely miss the gnoll. You grab the gnoll. You squeeze the gnoll.
The gnoll is lightly wounded.
You constrict the gnoll, but do no damage.
The gnoll hits you with a +0 hand axe!
You tentacle-slap the gnoll but do no damage.
You tentacle-slap the gnoll, but do no damage.
You squeeze the gnoll.
The gnoll is moderately wounded.
You constrict the gnoll. The gnoll hits you with a +0 hand axe.
You tentacle-slap the gnoll but do no damage.
The gnoll is heavily wounded.
You constrict the gnoll. The gnoll closely misses you.
You tentacle-slap the gnoll but do no damage.
You squeeze the gnoll.
The gnoll is severely wounded.
You constrict the gnoll, but do no damage.
The gnoll struggles to escape constriction.
You bludgeon the gnoll!
You kill the gnoll!
You tentacle-slap the gnoll. You grab the gnoll.
The gnoll is heavily wounded.
You constrict the gnoll. The gnoll hits you with a +0 whip.
* * * LOW HITPOINT WARNING * * *
You tentacle-slap the gnoll. You squeeze the gnoll.
You kill the gnoll!
The gnoll hits you from afar with a +0 spear.
* * * LOW HITPOINT WARNING * * *
The gnoll hits you with a +0 spear.
* * * LOW HITPOINT WARNING * * *
Items here: )) [ †.
You tentacle-slap the gnoll. You grab the gnoll.
The gnoll is lightly wounded.
You constrict the gnoll, but do no damage.
The gnoll hits you with a +0 spear!
You die...

##### #.#........#
# #.#...gg...# .
#.##.......# #
#.##.......### .
.............#
#+##..####.#.+
.... #.### ... #g#
##@####+##
#.........
#......... #.
#......... #.
#.##.........
#.##+#..#.........
........#.........
...........####+#.
........##.# # #..


You could see a gnoll.

Vanquished Creatures
  Sigmund (D:2)
  2 gnolls (D:2)
  2 adders (D:2)
  5 dart slugs
  4 endoplasms (D:1)
  4 giant cockroaches
  5 hobgoblins
  3 jackals (D:1)
  4 ball pythons
  2 bats (D:1)
  A frilled lizard (D:2)
  2 goblins
  3 kobolds (D:1)
  7 rats
45 creatures vanquished.

Vanquished Creatures (others)
  3 fungi (D:1)
  4 toadstools (D:1)
7 creatures vanquished.

Grand Total: 52 creatures vanquished

Notes
Turn   | Place    | Note
-------+----------+-------------------------------------------
     0 | D:1      | HallandMoats the Octopode Monk began the quest for the Orb.
     0 | D:1      | Reached XP level 1. HP: 16/16 MP: 1/1
    61 | D:1      | Reached XP level 2. HP: 11/21 MP: 2/2
   487 | D:1      | Reached XP level 3. HP: 24/26 MP: 3/3
  1634 | D:2      | Found a faded altar of an unknown god.
  1681 | D:2      | Reached XP level 4. HP: 31/31 MP: 4/4
  1696 | D:2      | Reached skill level 1 in Invocations
  1721 | D:2      | Prayed at the altar of an unknown god.
  1721 | D:2      | Became a worshipper of the Shining One
  1721 | D:2      | Reached * piety under the Shining One
  1721 | D:2      | Reached ** piety under the Shining One
  1995 | D:2      | Noticed Sigmund
  2007 | D:2      | Killed Sigmund
  2008 | D:2      | Reached XP level 5. HP: 18/37 MP: 1/6
  2008 | D:2      | Reached XP level 6. HP: 21/43 MP: 1/7
  2050 | D:2      | Slain by a gnoll

Illustrated notes

Levels and vault maps discovered:
D:1:      evilmike_arrival_plus, layout_basic, serial_aquarium,
          aquarium_bridge_square [aquarium_subvault_wall,
          aquarium_subvault_bridge, aquarium_subvault_window,
          aquarium_subvault_wall], aquarium_window_corridor_2,
          aquarium_window_fake, aquarium_window_fake, aquarium_view_2c,
          aquarium_balcony_3a, minmay_gold_behind_fungi,
          minmay_tree_intersection
D:2:      layout_basic, shapermc_ecumenical_altar_ellora,
          kennysheep_generic_room_14, uniq_sigmund

Skill      XL: |  1  2  3  4 |
---------------+-------------+-----
Stealth        | 3 4 |  4.1
Invocations    | 1 |  1.7
Fighting       | 4 |  4.2
Dodging        | 4 |  4.1
Unarmed Combat | 4 |  4.2

Action                   |  1- 3 |  4- 6 || total
-------------------------+-------+-------++-------
Melee: Unarmed           |    67 |    27 ||    94
       Tentacles         |    19 |     7 ||    26
       Constrict         |    23 |     8 ||    31
       Punch             |     4 |     1 ||     5
Invok: Divine Shield     |       |     1 ||     1
 Stab: Sleeping          |    17 |     1 ||    18
Armor: Skin              |     1 |     1 ||     2
Dodge: Dodged            |    29 |    12 ||    41
